 Dungeon Crawl Stone Soup version 0.30-a0-43-gbbf338a72c (webtiles) character file.

Game seed: 2645918042677802003

134 scionoferis the Sneak (level 4, -5/27 HPs)
             Began as a Vampire Enchanter on Aug 31, 2022.
             Slain by Natasha (8 damage)
             ... on level 3 of the Dungeon.
             The game lasted 00:08:01 (2537 turns).

scionoferis the Sneak (Vampire Enchanter)           Turns: 2537, Time: 00:08:02

Health: -5/27      AC:  2    Str:  6    XL:     4   Next: 95%
Magic:  2/7        EV: 12    Int: 21    God:
Gold:   140        SH:  0    Dex: 15    Spells: 3/8 levels left

rFire   . . .      SeeInvis +    a - +1 dagger
rCold   + + .      Faith    .    (no shield)
rNeg    + + +      Spirit   .    b - +0 robe
rPois   ∞          Reflect  .    (no helmet)
rElec   .          Harm     .    (no cloak)
rCorr   .          Rampage  .    (no gloves)
Will    .....                    (no boots)
Stlth   +++++.....               (no amulet)
HPRegen 0.00/turn                (no ring)
MPRegen 0.10/turn                (no ring)

@: flying, bloodless, inhibited regen, hasted, very quick
A: bloodless, fangs 3, see invisible, vampiric 2, clever 1, robust 1
a: Bat Form, Revivify


You were on level 3 of the Dungeon.
You visited 1 branch of the dungeon, and saw 3 of its levels.

You collected 140 gold pieces.

Inventory:

Hand Weapons
 a - a +1 dagger (weapon)
 q - a +0 sling
 t - a +0 rapier
Missiles
 m - 3 poisoned darts (quivered)
Armour
 b - a +0 robe (worn)
Wands
 s - a wand of iceblast (7)
Scrolls
 d - 2 scrolls of silence {unknown}
 e - 2 scrolls of identify {unknown}
 f - a scroll of enchant weapon {unknown}
 g - a scroll of amnesia {unknown}
 h - 2 scrolls of magic mapping {unknown}
 k - a scroll of poison {unknown}
 n - 2 scrolls of teleportation {unknown}
 o - a scroll of noise {unknown}
Potions
 c - a potion of invisibility
 p - a potion of might {unknown}
 r - a potion of curing {unknown}


   Skills:
 * Level 3.1 Short Blades
 - Level 2.1 Dodging
 + Level 5.4 Stealth
 + Level 2.6 Spellcasting
 + Level 5.3 Hexes
 + Level 1.4 Ice Magic


You had 3 spell levels left.
You knew the following spells:

 Your Spells              Type           Power      Damage    Failure   Level
a - Ensorcelled Hibernat  Hex/Ice        34%        N/A       5%          2
b - Confusing Touch       Hex            25%        N/A       4%          3

Your spell library contained the following spells:

 Spells                   Type           Power      Damage    Failure   Level
 Tukima's Dance           Hex            25%        N/A       4%          3
 Dazzling Flash           Conj/Hex       28%        N/A       14%         3
 Passwall                 Tmut/Erth      1%         N/A       22%         2
 Swiftness                Air            2%         N/A       38%         3
 Fireball                 Conj/Fire      1%         3d3       98%         5
 Starburst                Conj/Fire      1%         6d3       100%        6
 Ignition                 Fire           1%         3d3       100%        8


Dungeon Overview and Level Annotations

Branches:
Dungeon (3/15)

Altars:

Annotations:
D:3 Natasha


Innate Abilities, Weirdness & Mutations

You do not regenerate when monsters are visible.
You are frail without blood (-20% HP).
You can heal yourself when you bite living creatures.
You are immune to poison.
You have razor-sharp teeth.
You have supernaturally acute eyesight. (SInv)
You are afflicted with vampirism and can become a bat while bloodless.
Your mind is acute. (Int +4, Str/Dex -1)
You are robust. (+10% HP)


Message History

Natasha casts a spell at you. The magic dart hits you!
Casting: Ensorcelled Hibernation (safe; 5% risk of failure)
Confirm with . or Enter, or press ? or * to list all spells.
Aiming: Ensorcelled Hibernation (safe; 5% risk of failure)
Press: ? - help, Shift-Dir - straight line, f - Natasha
Aim: Natasha (chance to affect: 50%) Natasha resists with some effort.
The rat completely misses you. Natasha claws you.
Casting: Ensorcelled Hibernation (safe; 5% risk of failure)
Confirm with . or Enter, or press ? or * to list all spells.
Aiming: Ensorcelled Hibernation (safe; 5% risk of failure)
Press: ? - help, Shift-Dir - straight line, f/p - Natasha
Aim: Natasha (chance to affect: 50%) Natasha resists with some effort.
The rat misses you. Natasha misses you.
Casting: Ensorcelled Hibernation (safe; 5% risk of failure)
Confirm with . or Enter, or press ? or * to list all spells.
Aiming: Ensorcelled Hibernation (safe; 5% risk of failure)
Press: ? - help, Shift-Dir - straight line, f/p - Natasha
Aim: Natasha (chance to affect: 50%) Natasha resists with some effort.
The kobold misses you. The rat closely misses you. Natasha barely misses you.
You hit the kobold.
You kill the kobold!
You closely miss the rat. The rat bites you but does no damage.
You barely miss the rat. You bite the rat.
You kill the rat!
You closely miss Natasha. Natasha claws you!
* * * LOW HITPOINT WARNING * * *
Okay, then.
Unknown command.
It was a potion of lignification.
You feel woody for a moment. Natasha closely misses you.
It was a potion of flight.
You feel very buoyant.
You fly up into the air.
Natasha casts a spell at you. You resist with some effort.
It was a potion of haste.
You feel yourself speed up. Natasha claws you!
You die...

.# ... .# ####.## .#
###.....## .#
#........## .#
###.#.##....#
.#######...#.# ..# ##.
.#.#.......#.# ..#....
.#.#.#...#.#.####....#
.#...#...#.....h@....#
...###...###.#.##....#
..<.)...## #.#.....#.#
#.....#.. K......## #
......###.........#
......# .#......##
......# #.#....###
.##.#.# # #..... #
.#.. #..#...


You could see Natasha.

Vanquished Creatures
  Natasha (D:3)
  5 adders (D:2)
  3 dart slugs
  An orc (D:3)
  4 bats
  5 endoplasms
  A giant cockroach (D:3)
  4 goblins
  4 hobgoblins
  6 jackals
  3 quokkas
  3 ball pythons
  7 frilled lizards
  6 kobolds
  4 rats
57 creatures vanquished.

Notes
Turn   | Place    | Note
-------+----------+-------------------------------------------
     0 | D:1      | scionoferis the Vampire Enchanter began the quest for the
                  | Orb.
     0 | D:1      | Reached XP level 1. HP: 13/13 MP: 3/3
   263 | D:1      | Reached XP level 2. HP: 15/15 MP: 5/5
   270 | D:1      | Learned a level 2 spell: Ensorcelled Hibernation
   783 | D:1      | Gained mutation: Your mind is acute. (Int +4, Str/Dex -1)
                  | [potion of mutation]
   783 | D:1      | Gained mutation: You are robust. (+10% HP) [potion of
                  | mutation]
   788 | D:1      | Gained mutation: You are afflicted with vampirism and can
                  | become a bat while bloodless. [Vampire growth]
   788 | D:1      | Reached XP level 3. HP: 6/21 MP: 1/6
  1167 | D:1      | Learned a level 3 spell: Confusing Touch
  1265 | D:2      | Reached skill level 5 in Stealth
  1265 | D:2      | Reached skill level 5 in Hexes
  1439 | D:2      | Reached XP level 4. HP: 27/27 MP: 0/7
  1517 | D:2      | Reached skill level 1 in Ice Magic
  2377 | D:3      | Noticed Natasha
  2405 | D:3      | Killed Natasha
  2521 | D:3      | Noticed Natasha
  2537 | D:3      | Slain by Natasha

Illustrated notes

Levels and vault maps discovered:
D:1:      dpeg_arrival_rhombus, layout_basic
D:2:      layout_basic, minmay_liquid_box
D:3:      layout_basic, uniq_natasha, uniq_sigmund, uniq_robin, uniq_ijyb

Skill      XL: |  1  2  3  4 |
---------------+-------------+-----
Short Blades   | 2 3 |  3.1
Stealth        | 5 |  5.4
Hexes          | 5 |  5.3
Ice Magic      | 1 |  1.4
Dodging        | |  2.1
Spellcasting   | |  2.6

Action                   |  1- 3 |  4- 6 || total
-------------------------+-------+-------++-------
Melee: Dagger            |    74 |    26 ||   100
       Bite              |     4 |     2 ||     6
 Cast: Ensorcelled Hiber |     9 |    17 ||    26
 Abil: Exsanguinate      |     1 |       ||     1
  Use: Potion            |     2 |     3 ||     5
 Stab: Sleeping          |    21 |    19 ||    40
       Invisible         |     2 |       ||     2
Armor: Robe              |     6 |     3 ||     9
Dodge: Dodged            |    37 |    11 ||    48

Table legend: (Time is in decaauts)
 A = Elapsed time spent in this place.
 B = Non-inter-level travel time spent in this place.
 C = Inter-level travel time spent in this place.
 D = Time resting spent in this place.
 E = Time spent auto-exploring this place.
 F = Levels seen in this place.
 G = Mean time per level.
                   A        B        C        D        E       F      G
               +--------+--------+--------+--------+--------+-----+--------+
         Total |   2528 |   2478 |     50 |    370 |   1549 |   3 |  842.7 |
       Dungeon |   2528 |   2478 |     50 |    370 |   1549 |   3 |  842.7 |
               +--------+--------+--------+--------+--------+-----+--------+

Top non-repeatable levels by time:
     D:1: 1161 daAuts
     D:2: 953 daAuts
     D:3: 413 daAuts
